 Dungeon Crawl Stone Soup version 0.28.0 (webtiles) character file.

Game seed: 8070481731944700875

28 crazypyro the Skirmisher (level 3, -1/33 HPs)
             Began as a Minotaur Fighter on Feb 8, 2022.
             Slain by Terence (9 damage)
             ... on level 2 of the Dungeon.
             The game lasted 00:00:49 (924 turns).

crazypyro the Skirmisher (Minotaur Fighter)          Turns: 924, Time: 00:00:50

Health: -1/33      AC:  7    Str: 22    XL:     3   Next: 0%
Magic:  0/2        EV:  9    Int: 11    God:
Gold:   71         SH:  4    Dex:  9    Spells: 2/2 levels left

rFire   . . .      SeeInvis .   a - +0 war axe
rCold   . . .      Faith    .   c - +0 buckler
rNeg    . . .      Spirit   .   b - +0 scale mail
rPois   .          Reflect  .   (helmet restricted)
rElec   .          Harm     .   (no cloak)
rCorr   .          Rampage  .   (no gloves)
Will    .....                   (no boots)
Stlth   ..........              (no amulet)
HPRegen 0.11/turn               i - +6 ring of intelligence
MPRegen 0.08/turn               (no ring)

@: no status effects
A: horns 2, retaliatory headbutt
a: no special abilities


You were on level 2 of the Dungeon.
You visited 1 branch of the dungeon, and saw 2 of its levels.

You collected 71 gold pieces.

Inventory:

Hand Weapons
 a - a +0 war axe (weapon)
Armour
 b - a +0 scale mail (worn)
 c - a +0 buckler (worn)
Jewellery
 i - a +6 ring of intelligence (left hand)
Potions
 d - a potion of might
 g - 2 potions of flight {unknown}


   Skills:
 + Level 4.1 Fighting
 + Level 3.0 Axes
 + Level 4.0 Armour
 + Level 4.0 Shields


You had 2 spell levels left.
You didn't know any spells.
Your spell library was empty.

Dungeon Overview and Level Annotations

Branches:
Dungeon (2/15)

Altars:

Annotations:
D:2 Terence


Innate Abilities, Weirdness & Mutations

You have a pair of horns on your head.
You reflexively headbutt those who attack you in melee.


Message History

You have reached level 3!
Your experience leads to an increase in your attributes!
Your base attributes are Str 20, Int 5, Dex 9.
Increase (S)trength, (I)ntelligence, or (D)exterity?
You feel stronger. x2
HP restored.
You see here a worm corpse.
You see here a worm corpse.
Found a ring mail.
Terence the Incautious comes into view.
He is wielding a +6 antimagic flail.
Found a stone staircase leading down.
Terence is nearby!
Terence is nearby!
Terence hits you with a +6 antimagic flail!
You feel your power leaking away.
You slash Terence!
Terence is heavily wounded.
Terence hits you with a +6 antimagic flail!
Terence barely misses you.
You are too injured to fight recklessly!
You hit Terence but do no damage.
Terence is heavily wounded.
Terence completely misses you. You furiously retaliate!
You headbutt Terence, but do no damage. You hit Terence but do no damage.
Terence is heavily wounded.
Terence says, "How do you enjoy it?" You block Terence's attack.
Terence misses you.
You hit Terence but do no damage.
Terence is heavily wounded.
Terence barely misses you.
You hit Terence.
Terence is severely wounded.
Terence hits you with a +6 antimagic flail.
You barely miss Terence. You headbutt Terence.
Terence is almost dead.
Terence hits you with a +6 antimagic flail.
* * * LOW HITPOINT WARNING * * *
Terence hits you with a +6 antimagic flail!
You die...

# #. # #.#..# # ### #....# .
.. #...# # .# #...# ####.# #
#.[.## #....###.#..
##...#######
..#.[....#....#..........#
#.#..##..#.....@@..#####.#
..#......#....#.#..#####.####
..#†####.#.. #.#..#.....#..#
.........# #.#..#.#.#....#
.##.####.# #.##>#.#...#..#
.........# #. ..#.#.#....#
###.####.# ## #.#.#...#..#
#.####.### #.#.#.#....#
#.#......#### #.#...#..#


You could see Terence.

Vanquished Creatures
  A worm (D:2)
  A dart slug (D:1)
  2 ball pythons (D:1)
  An endoplasm (D:1)
  2 giant cockroaches (D:1)
  A goblin (D:1)
  2 hobgoblins (D:1)
  3 bats (D:1)
  4 frilled lizards
  4 kobolds
  A rat (D:1)
22 creatures vanquished.

Notes
Turn   | Place    | Note
-------+----------+-------------------------------------------
     0 | D:1      | crazypyro the Minotaur Fighter began the quest for the Orb.
     0 | D:1      | Reached XP level 1. HP: 19/19 MP: 0/0
   347 | D:1      | Reached XP level 2. HP: 27/27 MP: 1/1
   745 | D:2      | Reached XP level 3. HP: 19/33 MP: 2/2
   915 | D:2      | Noticed Terence
   924 | D:2      | Slain by Terence

Illustrated notes

Levels and vault maps discovered:
D:1:      wander_arrival_desolate, layout_basic
D:2:      layout_basic, basic_ecumenical_altar, minmay_misc_feat_pillars,
          uniq_terence

Skill      XL: |  1  2 |
---------------+-------+-----
Fighting       | 4 |  4.1
Shields        | 4 |  4.0
Armour         | 4 |  4.0
Axes           | 3 |  3.0

Action                   || total
-------------------------++-------
Melee: War axe           ||    63
       Headbutt          ||     3
  Use: Scroll            ||     3
Armor: Scale mail        ||    33
Dodge: Dodged            ||    30
Block: Buckler           ||    12
